 Dungeon Crawl Stone Soup version 0.24-a0-201-gf205589 (console) character file.

Game seed: 3583420565418214416

123 bli the Ducker (level 5, -4/42 HPs)
             Began as a Merfolk Abyssal Knight on Mar 23, 2019.
             Was a Believer of Lugonu.
             Slain by Sigmund
             ... wielding a +0 scythe
              (7 damage)
             ... on level 3 of the Dungeon.
             The game lasted 00:08:54 (2756 turns).

bli the Ducker (Merfolk Abyssal Knight)             Turns: 2756, Time: 00:08:54

Health: -4/42      AC:  4    Str: 13    XL:     5   Next: 7%
Magic:  6/6        EV: 14    Int: 11    God:    Lugonu [**....]
Gold:   84         SH:  0    Dex: 14    Spells: 4/4 levels left

rFire    . . .     SeeInvis .   b - +0 glaive
rCold    . . .     Gourm    .   (shield currently unavailable)
rNeg     . . .     Faith    .   v - +0 leather armour
rPois    .         Spirit   .   (no helmet)
rElec    .         Reflect  .   g - +0 cloak
rCorr    .         Harm     .   (no gloves)
MR       .....                  (no boots)
Stlth    +.........             (no amulet)
HPRegen  0.14/turn              (no ring)
MPRegen  0.10/turn              (no ring)

@: no status effects
A: change form in water, swift swim, stealthy swim
a: Depart the Abyss, Bend Space, Renounce Religion


You were on level 3 of the Dungeon.
You worshipped Lugonu.
Lugonu was pleased with you.
You were very hungry.

You visited 1 branch of the dungeon, and saw 4 of its levels.
You visited the Abyss 1 time.

You collected 84 gold pieces.

Inventory:

Hand Weapons
 a - a +1 spear
 b - a +0 glaive (weapon)
 f - a +0 dagger of electrocution
 l - a +0 spear
 t - a +0 war axe of electrocution
Missiles
 e - 4 tomahawks (quivered)
 h - 55 arrows
 j - 73 stones
Armour
 g - a +0 cloak (worn)
 o - a +0 ring mail
 v - a +0 leather armour (worn)
Scrolls
 i - a scroll of fear {unknown}
 k - 2 scrolls of magic mapping {unknown}
 m - 2 scrolls of remove curse {unknown}
 q - 2 scrolls of amnesia {unknown}
Potions
 d - a potion of invisibility {unknown}
 n - 2 potions of curing {unknown}
 p - a potion of berserk rage {unknown}
 s - a potion of cancellation {unknown}
 u - 2 potions of degeneration {unknown}
Comestibles
 c - 4 rations


   Skills:
 * Level 3.8 Fighting
 + Level 3.1 Polearms
 + Level 1.5 Armour
 * Level 5.3 Dodging
 + Level 1.0 Stealth
 - Level 2.0 Invocations


You had 4 spell levels left.
You didn't know any spells.
Your spell library was empty.

Dungeon Overview and Level Annotations

Branches:
Dungeon (4/15)
 Temple: D:4-7

Altars:
Qazlal

Annotations:
D:3 Sigmund


Message History

You miss something. Something barely misses you. The goblin closely misses you.
You closely miss something. Something hits you.
The goblin hits you but does no damage. x2
You feel less confused. Something hits you.
* * * LOW HITPOINT WARNING * * *
The goblin closely misses you.
You closely miss something. The goblin barely misses you.
Something barely misses you.
You closely miss something. The goblin closely misses you.
Something hits you but does no damage. The goblin closely misses you.
You barely miss something. Something hits you.
* * * LOW HITPOINT WARNING * * *
The goblin hits you but does no damage.
You miss something. The goblin misses you. Something hits you.
* * * LOW HITPOINT WARNING * * *
The goblin closely misses you.
You miss something. Something hits you.
* * * LOW HITPOINT WARNING * * *
The goblin closely misses you.
You miss something. The goblin hits you but does no damage. Something hits you!
You die...

## ..# ##.##
#... #..#
#.####..####.#
#....{@).....#
######.g######
#..#######
#.........
#.#.###.##
#.#.# ##.#.#
#..#.# #)##.#
#.# .# . #.#
.# #


You could see a goblin.

Vanquished Creatures
  An iguana (D:4)
  A gnoll (D:3)
  3 adders
  A worm (D:3)
  3 dart slugs
  2 leopard geckos (D:4)
  A giant cockroach (D:2)
  5 goblins
  9 hobgoblins
  5 jackals
  A quokka (D:3)
  A ball python (D:2)
  6 bats (D:1)
  4 frilled lizards
  6 kobolds
  A rat (D:2)
50 creatures vanquished.

Notes
Turn   | Place    | Note
-------+----------+-------------------------------------------
     0 | Abyss:1  | bli the Merfolk Abyssal Knight began the quest for the Orb.
     0 | Abyss:1  | Reached XP level 1. HP: 18/18 MP: 2/2
    39 | Abyss:1  | Noticed an eye of draining
    46 | Abyss:1  | Noticed a black mamba
    46 | Abyss:1  | an eye of draining changed into a black mamba
    50 | Abyss:1  | Noticed a yaktaur
    50 | Abyss:1  | a black mamba changed into a yaktaur
    52 | Abyss:1  | Noticed a polar bear
    52 | Abyss:1  | a yaktaur changed into a polar bear
    54 | D:1      | Escaped the Abyss
   291 | D:1      | Reached skill level 3 in Dodging
   506 | D:1      | Reached XP level 2. HP: 22/24 MP: 3/3
   850 | D:1      | Reached skill level 4 in Dodging
  1002 | D:1      | Reached XP level 3. HP: 28/29 MP: 4/4
  1426 | D:2      | Reached ** piety under Lugonu
  1426 | D:2      | Reached skill level 1 in Armour
  1805 | D:2      | Found a stormy altar of Qazlal.
  1815 | D:2      | Reached XP level 4. HP: 29/37 MP: 5/5
  2266 | D:4      | Reached skill level 5 in Dodging
  2337 | D:3      | Reached skill level 1 in Stealth
  2441 | D:3      | Reached XP level 5. HP: 11/42 MP: 6/6
  2470 | D:3      | HP: 2/42 [poisoned by an adder]
  2737 | D:3      | Noticed Sigmund
  2755 | D:3      | HP: 2/42 [something (1)]
  2756 | D:3      | Slain by Sigmund

Levels and vault maps discovered:
D:1:      dpeg_arrival_central, layout_loops_ring
D:2:      layout_loops_ring, nicolae_overflow_crystal_walls
D:3:      layout_loops_ring, grunt_ministairs_4, minivault_26, uniq_sigmund,
          uniq_ijyb
D:4:      layout_cave_pools
Abyss:1

Skill      XL: |  1  2  3  4 |
---------------+-------------+-----
Dodging        | 3 4 5 |  5.3
Armour         | 1 |  1.5
Stealth        | 1 |  1.0
Fighting       | |  3.8
Polearms       | |  3.1
Invocations    | |  2.0

Action                   |  1- 3 |  4- 6 || total
-------------------------+-------+-------++-------
Melee: Spear             |   177 |    62 ||   239
       Glaive            |       |    27 ||    27
Throw: Tomahawk          |       |     5 ||     5
 Stab: Sleeping          |     2 |     1 ||     3
  Eat: Chunk             |     3 |     2 ||     5
Armor: Leather armour    |    31 |    18 ||    49
Dodge: Dodged            |   111 |    60 ||   171

Table legend:
 A = Non-vault XP
 B = Vault XP
 C = Vault XP percentage of total XP
 D = Non-vault monster count
 E = Vault monster count
 F = Vault count percentage of total count
                 A         B        C        D         E       F
            +---------+---------+-------+---------+---------+-------
      Total |     173 |       4 |   2.3 |      48 |       2 |   4.0
            +---------+---------+-------+---------+---------+-------
        D:1 |      37 |       0 |   0.0 |      21 |       0 |   0.0
        D:2 |      51 |       0 |   0.0 |      14 |       0 |   0.0
        D:3 |      43 |       4 |   8.5 |       9 |       2 |  18.2
        D:4 |      42 |       0 |   0.0 |       4 |       0 |   0.0
            +---------+---------+-------+---------+---------+-------
